 Dungeon Crawl Stone Soup version 0.30-a0-359-gd0147acb1a (webtiles) character file.

Game seed: 17114313369831252346

29719 night the Brawler (level 13, -28/131 HPs)
             Began as a Troll Fighter on Nov 11, 2022.
             Was an Elder of Wu Jian.
             Shot with a bolt by an orc knight (35 damage)
             ... on level 2 of the Orcish Mines.
             The game lasted 00:38:41 (13202 turns).

night the Brawler (Troll Fighter)                  Turns: 13202, Time: 00:38:42

Health: -28/131    AC:  1    Str: 27    XL:     13   Next: 16%
Magic:  12/12      EV: 13    Int:  8    God:    Wu Jian [****..]
Gold:   1840       SH: 15    Dex:  9    Spells: 12/12 levels left

rFire   . . .      SeeInvis .      - Unarmed
rCold   . . .      Faith    .    b - +0 kite shield
rNeg    . . .      Spirit   .    Y - +4 robe of Light {rElec Will+}
rPois   .          Reflect  +    (helmet restricted)
rElec   +          Harm     .    r - +0 cloak
rCorr   .          Rampage  .    (gloves unavailable)
Will    +....                    (boots unavailable)
Stlth   +.........               E - amulet of reflection
HPRegen 1.21/turn                n - ring of flight
MPRegen 0.13/turn                W - +4 ring of evasion

@: exhausted, corroded, flying
A: large, unfitting armour, claws 3, regeneration 1, shaggy fur 1, tough skin 1
a: Renounce Religion, Wall Jump, Serpent's Lash


You were on level 2 of the Orcish Mines.
You worshipped Wu Jian.
Wu Jian was greatly pleased with you.
You visited 3 branches of the dungeon, and saw 15 of its levels.
You also visited: Sewer.

You collected 1963 gold pieces.
You spent 123 gold pieces at shops.

Inventory:

Hand Weapons
 V - a +1 battleaxe of flaming
Missiles
 l - 37 poisoned darts (quivered)
 m - 12 large rocks
 u - 5 atropa-tipped darts
 J - 13 boomerangs
 L - 6 curare-tipped darts
Armour
 b - a +0 kite shield (worn)
 r - a +0 cloak (worn)
 P - the +2 robe of the Shining One's Fury {Slay+3}
   (You found it on level 8 of the Dungeon)

   Slay:      It affects your accuracy & damage with ranged weapons and melee
   (+3).
 Y - the +4 robe of Light (worn) {rElec Will+}
   (You found it on level 11 of the Dungeon)

   rElec:     It insulates you from electricity.
   Will:      It increases your willpower.
Jewellery
 n - a ring of flight (left claw)
 x - an amulet of faith
 D - a ring of protection from cold
 E - an amulet of reflection (around neck)
 I - a ring of positive energy
 U - a ring of wizardry
 W - a +4 ring of evasion (right claw)
Wands
 o - a wand of flame (30)
 q - a wand of roots (14)
 w - a wand of polymorph (15)
 H - a wand of paralysis (9)
 M - a wand of mindburst (9)
 N - a wand of quicksilver (14)
Scrolls
 a - a scroll of torment
 f - a scroll of brand weapon
 h - 2 scrolls of magic mapping
 j - 3 scrolls of vulnerability
 p - 9 scrolls of teleportation
 t - 2 scrolls of enchant armour
 y - 7 scrolls of enchant weapon
 B - 2 scrolls of fog
 G - 2 scrolls of poison
 K - a scroll of blinking
 O - a scroll of amnesia
 X - 3 scrolls of summoning
Potions
 c - 3 potions of might
 e - 2 potions of mutation
 g - 2 potions of attraction
 i - a potion of ambrosia {unknown}
 k - 2 potions of degeneration
 s - 2 potions of resistance {unknown}
 v - a potion of curing
 z - 2 potions of magic {unknown}
 A - a potion of berserk rage {unknown}
 C - 2 potions of lignification
 F - a potion of brilliance {unknown}
 Q - 2 potions of heal wounds
 R - a potion of haste {unknown}
 T - 2 potions of invisibility
Miscellaneous
 S - a condenser vane
 Z - a phantom mirror


   Skills:
 + Level 9.2 Fighting
 - Level 2.4 Dodging
 + Level 11.1 Shields
 * Level 16.4 Unarmed Combat


You had 12 spell levels left.
You didn't know any spells.
Your spell library contained the following spells:

 Spells                   Type           Power      Damage    Failure   Level
 Apportation              Tloc           0%         N/A       61%         1
 Beastly Appendage        Tmut           0%         N/A       61%         1
 Kiss of Death            Conj/Necr      0%         2d5       61%         1
 Magic Dart               Conj           0%         1d3       61%         1
 Necrotise                Necr           0%         1d4       61%         1
 Summon Small Mammal      Summ           0%         N/A       61%         1
 Call Imp                 Summ           0%         N/A       75%         2
 Wereblood                Tmut           0%         N/A       75%         2
 Confusing Touch          Hex            0%         N/A       93%         3
 Inner Flame              Hex/Fire       0%         N/A       93%         3
 Mephitic Cloud           Conj/Pois/Air  0%         N/A       93%         3
 Portal Projectile        Hex/Tloc       0%         N/A       93%         3
 Spider Form              Tmut/Pois      0%         N/A       93%         3
 Tukima's Dance           Hex            0%         N/A       93%         3
 Airstrike                Air            0%         2d(0-16)  100%        4
 Dispel Undead            Necr           0%         3d6       100%        4
 Flame Wave               Conj/Fire      0%         2d4       100%        4
 Sticky Flame             Conj/Fire      0%         2d3       100%        4
 Summon Lightning Spire   Summ/Air       0%         N/A       100%        4
 Alistair's Intoxication  Tmut/Pois      0%         N/A       100%        5
 Blade Hands              Tmut           0%         N/A       100%        5
 Borgnjor's Vile Clutch   Necr/Erth      0%         N/A       100%        5
 Lightning Bolt           Conj/Air       0%         1d11      100%        5
 Eringya's Noxious Bog    Tmut/Pois      0%         N/A       100%        6


Dungeon Overview and Level Annotations

Branches:
Dungeon (12/15)            Temple (1/1) D:7            Lair (0/5) D:8
    Orc (2/2) D:10            Elf (0/3) Orc:2         Sewer (visited)

Altars:
Ashenzari
Cheibriados
Dithmenos
Elyvilon
Fedhas
Gozag
Hepliaklqana
Kikubaaqudgha
Makhleb
Nemelex Xobeh
Okawaru
Qazlal
Ru
Sif Muna
Trog
Uskayaw
Vehumet
Wu Jian
Xom
Yredelemnul
Zin
The Shining One

Shops:
D:7 :?   D:12 =   Orc:2 (

Annotations:
D:5 3 runed translucent doors, RatherSlowDeath's ghost, novice GrFi


Innate Abilities, Weirdness & Mutations

You are too large for most types of armour.
You have claws for hands.
Your natural rate of healing is unusually fast.
You are covered in fur. (AC +1)
You have tough skin. (AC +1)


Message History

The rust devil corrodes you!
The orc knight hits you with a +0 halberd!
You claw the orc sorcerer!
The orc sorcerer is severely wounded.
The orc sorcerer hits you with a +1 dagger of flaming.
The orc sorcerer burns you. The rust devil hits you!
The rust devil corrodes you! You block the orc knight's attack.
You closely miss the orc sorcerer.
The orc sorcerer is severely wounded.
The orc sorcerer hits you with a +1 dagger of flaming!
The orc sorcerer burns you.
You mangle the orc sorcerer!!
You kill the orc sorcerer!
The Council accepts your kill.
The rust devil disappears in a puff of smoke!
The orc knight closely misses you.
You spin and attack the orc knight repeatedly.
You claw the orc knight!
The orc knight is lightly wounded.
You closely miss the orc knight.
The orc knight is lightly wounded.
The orc knight hits you with a +0 halberd!!
Things that are here:
a +1 dagger of flaming; a +2 robe of positive energy You scratch the orc knight.
The orc knight is lightly wounded.
You block the orc knight's attack.
You closely miss the orc knight.
The orc knight is lightly wounded.
The orc knight hits you with a +0 halberd!!
* * * LOW HITPOINT WARNING * * *
You completely miss the orc knight.
The orc knight is lightly wounded.
The orc knight hits you with a +0 halberd!!
* * * LOW HITPOINT WARNING * * *
Your muscles tense, ready for explosive movement...
Your supernatural speed expires.
The orc knight unwields a +0 halberd.
The orc knight wields a +0 arbalest.
The orc knight shoots a bolt.
The bolt hits you!!
You die...

##.............##.............
#............####...........#.
##........#.####..............
##........#..##.....)...)[.....
###..........###....[.....)......
#......##....##...[.#####.)......
....#...##.#.#...)#####..........
#.####.......#..[###..####...[...
### #.......#..@##.÷.÷..####....
##.#.##.##...#.÷...÷. #....
##...#..#..☼..÷..÷.. ##...
#####.....#.##..○o..§... #...
###.##.........##.......÷. #...
................#......... ##...
................###....... ##....
.._...............##÷....###.....
..............#...########.##....


You could see an orc knight.

Vanquished Creatures
  Josephine (D:12)
  Erolcha (Orc:1)
  A boulder beetle (D:11)
  A centaur warrior (D:8)
  5 two-headed ogres
  3 orc high priests (Orc:2)
  Sonja (Orc:1)
  Pikel (D:8)
  3 orc knights
  A deep elf pyromancer (D:8)
  3 orc sorcerers (Orc:2)
  2 ugly things
  3 cyclopes
  Maurice (D:8)
  3 gargoyles
  An unseen horror (D:12)
  5 yaktaurs (D:12)
  2 kobold demonologists (D:10)
  A komodo dragon (D:8)
  A troll (D:11)
  Grinder (D:4)
  A hornet (D:8)
  19 yaks
  A vampire (D:11)
  2 shadows
  5 wraiths
  A wyvern (D:10)
  A vampire mosquito (D:10)
  A steam dragon (D:9)
  Duvessa (D:7)
  7 water moccasins
  15 orc warriors
  5 black bears
  4 ice beasts
  4 ogres
  A tengu (D:8)
  6 centaurs
  2 phantoms
  6 kobold brigands
  9 bullfrogs
  Blork the orc (D:4)
  3 gnoll sergeants
  4 scorpions
  9 wights
  Dowan (D:7)
  11 killer bees
  9 howler monkeys
  4 hounds
  Crazy Yiuf (D:2)
  3 jellies
  20 orc priests
  Jessica (D:2)
  Ijyb (D:3)
  2 iguanas
  15 orc wizards
  5 adders
  13 gnolls
  A river rat (D:5)
  4 shadow imps
  4 ufetubi
  A worm (D:3)
  4 dart slugs
  60 orcs
  7 ball pythons
  7 endoplasms
  8 giant cockroaches
  11 goblins
  13 hobgoblins
  15 jackals
  2 quokkas
  8 bats
  19 kobolds
  10 rats
409 creatures vanquished.

Vanquished Creatures (others)
  48 fungi (D:8)
  34 plants
82 creatures vanquished.

Grand Total: 491 creatures vanquished

Notes
Turn   | Place    | Note
-------+----------+-------------------------------------------
     0 | D:1      | night the Troll Fighter began the quest for the Orb.
     0 | D:1      | Reached XP level 1. HP: 22/22 MP: 0/0
   185 | D:1      | Reached XP level 2. HP: 29/29 MP: 1/1
   383 | D:1      | Reached skill level 3 in Unarmed Combat
   479 | D:1      | Found a faded altar of an unknown god.
   542 | D:1      | Reached XP level 3. HP: 36/36 MP: 2/2
   905 | D:2      | Noticed Jessica
   941 | D:2      | Killed Jessica
   942 | D:2      | Reached XP level 4. HP: 43/44 MP: 3/3
   943 | D:2      | Reached skill level 4 in Unarmed Combat
  1196 | D:2      | Found a runed translucent door.
  1197 | D:2      | Noticed Crazy Yiuf
  1207 | D:2      | Killed Crazy Yiuf
  1304 | D:3      | Reached XP level 5. HP: 50/50 MP: 4/4
  1650 | D:3      | Reached skill level 5 in Unarmed Combat
  1792 | D:4      | Noticed Ijyb
  1847 | D:3      | Killed Ijyb
  1848 | D:3      | Reached XP level 6. HP: 54/59 MP: 5/5
  2250 | D:4      | Noticed Blork the orc
  2265 | D:4      | Killed Blork the orc
  2266 | D:4      | Reached skill level 6 in Unarmed Combat
  2690 | D:5      | Entered Level 5 of the Dungeon
  2710 | D:4      | Reached XP level 7. HP: 60/66 MP: 6/6
  2743 | D:5      | Found a glowing drain.
  2755 | Sewer    | Entered a sewer
  2850 | Sewer    | Reached skill level 5 in Shields
  2850 | Sewer    | Reached skill level 7 in Unarmed Combat
  3258 | D:5      | Reached skill level 8 in Unarmed Combat
  3258 | D:5      | Reached XP level 8. HP: 61/74 MP: 7/7
  3377 | D:5      | Noticed Grinder
  3388 | D:5      | Paralysed by Grinder for 4 turns
  3394 | D:5      | HP: 8/74 [centaur/arrow (11)]
  3409 | D:4      | Killed Grinder
  3887 | D:5      | Reached skill level 9 in Unarmed Combat
  3957 | D:5      | Found a runed translucent gate.
  3957 | D:5      | Found a runed translucent gate.
  3957 | D:5      | Noticed RatherSlowDeath's ghost (novice GrFi)
  3958 | D:5      | Found a runed translucent gate.
  3968 | D:5      | Noticed a two-headed ogre
  4568 | D:6      | Reached XP level 9. HP: 84/84 MP: 8/8
  4937 | D:6      | Reached skill level 10 in Unarmed Combat
  5222 | D:7      | Found a transporter.
  5223 | D:7      | Noticed a kobold demonologist
  5225 | D:7      | Noticed a kobold demonologist
  5237 | D:7      | Found a transporter.
  5261 | D:7      | Noticed an ice devil
  5264 | D:7      | Noticed an orange demon
  5613 | D:7      | Found a staircase to the Ecumenical Temple.
  5618 | D:7      | Noticed Dowan
  5619 | D:7      | Noticed Duvessa
  5630 | D:7      | Killed Duvessa
  5631 | D:7      | Killed Dowan
  5637 | Temple   | Entered the Ecumenical Temple
  5898 | Temple   | Became a worshipper of the Wu Jian Council
  6219 | D:7      | Found Huila's Magic Scroll Shoppe.
  6229 | D:7      | Bought a scroll of blinking for 97 gold pieces
  6229 | D:7      | Bought a scroll of identify for 26 gold pieces
  6251 | D:7      | Found Taeh's Book Shoppe.
  6257 | D:7      | Reached skill level 5 in Fighting
  6257 | D:7      | Reached skill level 11 in Unarmed Combat
  6456 | D:7      | Found an ancient bone altar of Kikubaaqudgha.
  6460 | D:7      | Found a stormy altar of Qazlal.
  6555 | D:8      | Noticed Joseph
  6556 | D:8      | Joseph changed into Joseph the tengu
  6556 | D:8      | Noticed Joseph
  6561 | D:8      | Killed Joseph the tengu
  6621 | D:8      | Reached XP level 10. HP: 94/96 MP: 9/9
  6743 | D:8      | Reached * piety under Wu Jian
  6796 | D:8      | Found a staircase to the Lair.
  6872 | D:8      | Reached skill level 12 in Unarmed Combat
  6924 | D:8      | Noticed Pikel
  6936 | D:8      | Noticed a cyclops
  6942 | D:8      | Killed Pikel
  6969 | D:8      | Killed a cyclops
  7085 | D:8      | Noticed a cyan ugly thing
  7089 | D:8      | Killed a cyan ugly thing
  7104 | D:8      | Noticed a centaur warrior
  7121 | D:8      | Killed a centaur warrior
  7122 | D:8      | Reached XP level 11. HP: 64/107 MP: 10/10
  7164 | D:8      | Noticed a deep elf pyromancer
  7176 | D:8      | Killed a deep elf pyromancer
  7177 | D:8      | Reached skill level 13 in Unarmed Combat
  7275 | D:8      | Identified the +2 robe of the Shining One's Fury {Slay+3}
  7381 | D:8      | Noticed Maurice
  7396 | D:8      | HP: 12/107 [something (8)]
  7407 | D:8      | Killed Maurice
  7805 | D:8      | Reached ** piety under Wu Jian
  8712 | D:9      | Identified the +7 whip of Regicide {freeze, rF+ Dex+3}
  8750 | D:9      | Noticed a two-headed ogre
  8759 | D:9      | Killed a two-headed ogre
  8844 | D:10     | Entered Level 10 of the Dungeon
  9290 | D:10     | Noticed a sixfirhy
  9445 | D:10     | Reached skill level 14 in Unarmed Combat
  9482 | D:10     | Found a staircase to the Orcish Mines.
  9588 | D:10     | Noticed a two-headed ogre
  9596 | D:10     | Killed a two-headed ogre
  9629 | D:10     | Noticed a two-headed ogre
  9647 | D:10     | Killed a two-headed ogre
  9736 | D:10     | Reached *** piety under Wu Jian
  9743 | D:10     | Reached XP level 12. HP: 119/119 MP: 11/11
  9997 | D:10     | Noticed a two-headed ogre
  9999 | D:10     | Killed a two-headed ogre
 10121 | D:11     | Reached skill level 10 in Shields
 10235 | D:11     | Identified the +4 robe of Light {rElec Will+}
 10748 | D:11     | Noticed a two-headed ogre
 10771 | D:11     | Killed a two-headed ogre
 10877 | D:12     | Noticed a boulder beetle
 10881 | D:12     | Reached skill level 15 in Unarmed Combat
 10881 | D:12     | Noticed Josephine
 10925 | D:11     | Killed a boulder beetle
 11027 | D:12     | Killed Josephine
 11398 | D:12     | Found Onigael's Jewellery Shop.
 11739 | D:12     | Identified the +8 plate armour of Yrphitsaa {rN+}
 11896 | Orc:1    | Entered Level 1 of the Orcish Mines
 11904 | Orc:1    | Noticed Sonja
 11973 | Orc:1    | Killed Sonja
 12117 | Orc:1    | Noticed Erolcha
 12124 | Orc:1    | Killed Erolcha
 12229 | Orc:2    | Entered Level 2 of the Orcish Mines
 12240 | Orc:2    | Reached **** piety under Wu Jian
 12328 | Orc:2    | Reached skill level 16 in Unarmed Combat
 12502 | Orc:2    | Found a staircase to the Elven Halls.
 12649 | Orc:2    | Found Yprockif's Antique Weapon Emporium.
 12704 | Orc:2    | Found a bloodstained altar of Trog.
 12854 | Orc:2    | Noticed an orc high priest
 12864 | Orc:2    | Noticed an orc high priest
 12867 | Orc:2    | Killed an orc high priest
 12868 | Orc:2    | Reached XP level 13. HP: 103/131 MP: 12/12
 12874 | Orc:2    | HP: 13/131 [orc knight/+1 broad axe (39)]
 12880 | Orc:2    | HP: 10/131 [orc priest/divine providence (11)]
 13201 | Orc:2    | HP: 6/131 [orc knight/+0 halberd (24)]
 13202 | Orc:2    | Shot with a bolt by an orc knight

Illustrated notes

Levels and vault maps discovered:
D:1:      ncdulo_lavacross, layout_rooms,
          hellmonk_ecumenical_altar_defaced_shrine, minmay_fountain_box
D:2:      kennysheep_big_flooded_room, layout_basic, uniq_crazy_yiuf_cottage,
          uniq_jessica
D:3:      layout_basic
D:4:      layout_loops_ring, minmay_misc_feat_enclosed, minmay_goblin_outpost,
          uniq_ijyb, uniq_blork_the_orc
D:5:      layout_layer_cave, gammafunk_ghost_split, portal_sewer_entry_a,
          minmay_a_box_with_orc_wizards_in_it, uniq_grinder
D:6:      layout_loops_ring
D:7:      gammafunk_wand_slinger, layout_loops_ring,
          nicolae_overflow_hidden_temple, minmay_temple_entry_trees,
          serial_shops, shop, nicolae_shop_advertising_works
          [nicolae_subvault_shop_adworks], minmay_misc_feat_chi, uniq_duvessa
D:8:      minmay_recursive_quarters, layout_loops_corners,
          due_lair_maze_entry_diamond, st_stairs_12, abandoned_shop,
          hangedman_minor_gate_pass, uniq_pikel, uniq_maurice, uniq_joseph
D:9:      layout_basic, patterned_corridor
D:10:     minmay_polygon_palace, layout_cave_pods, orc_0_dummy
D:11:     layout_roguey
D:12:     layout_gridville, serial_shops, nicolae_shop_hallway_stairs,
          uniq_josephine
Temple:   mainiacjoe_temple_big_plus
Orc:1:    layout_caves, basic_altar, uniq_erica, uniq_sonja, uniq_erolcha
Orc:2:    grunt_orc_tribal_feast, layout_caves, serial_shops,
          nicolae_shop_behind_doors, basic_altar, mines2_david

Skill      XL: |  1  2  3  4  5  6  7  8  9 10 11 12 13 |
---------------+----------------------------------------+-----
Shields        | 3 4 5 6 7 8 9 10 11 | 11.1
Unarmed Combat | 3 4 5 6 8 9 11 12 14 16 | 16.4
Fighting       | 3 5 6 7 9 |  9.2
Dodging        | |  2.4

Action                   |  1- 3 |  4- 6 |  7- 9 | 10-12 | 13-15 || total
-------------------------+-------+-------+-------+-------+-------++-------
Melee: Unarmed           |   120 |   183 |   300 |   612 |    65 ||  1280
Throw: Dart              |       |       |     8 |    18 |       ||    26
Invok: Lunge             |       |       |     5 |    41 |     2 ||    48
       Whirlwind         |       |       |       |    24 |     8 ||    32
       Serpent's Lash    |       |       |       |       |     2 ||     2
Evoke: Wand              |       |       |     4 |     3 |       ||     7
  Use: Scroll            |     5 |     1 |     4 |     9 |       ||    19
       Potion            |       |       |     1 |     6 |       ||     7
 Stab: Sleeping          |       |     1 |       |       |       ||     1
Armor: Robe              |    41 |    46 |    67 |    92 |    10 ||   256
Dodge: Dodged            |    41 |    42 |    62 |   121 |    15 ||   281
Block: Kite shield       |    45 |    62 |   161 |   347 |    43 ||   658
       Reflection        |       |       |     9 |    24 |       ||    33

Table legend: (Time is in decaauts)
 A = Elapsed time spent in this place.
 B = Non-inter-level travel time spent in this place.
 C = Inter-level travel time spent in this place.
 D = Time resting spent in this place.
 E = Time spent auto-exploring this place.
 F = Levels seen in this place.
 G = Mean time per level.
                   A        B        C        D        E       F      G
               +--------+--------+--------+--------+--------+-----+--------+
         Total |  13178 |  12623 |    555 |    653 |   8680 |  16 |  823.6 |
       Dungeon |  11403 |  10909 |    494 |    497 |   7572 |  12 |  950.2 |
        Temple |    428 |    395 |     33 |      0 |    388 |   1 |  428.0 |
  Orcish Mines |   1195 |   1168 |     27 |    156 |    631 |   2 |  597.5 |
         Sewer |    150 |    150 |      0 |      0 |     89 |   1 |  150.0 |
               +--------+--------+--------+--------+--------+-----+--------+

Top non-repeatable levels by time:
     D:8: 1594 daAuts
     D:5: 1440 daAuts
    D:10: 1348 daAuts
    D:11: 964 daAuts
     D:4: 952 daAuts
     D:6: 866 daAuts
    D:12: 857 daAuts
     D:7: 839 daAuts
   Orc:2: 756 daAuts
     D:9: 729 daAuts
     D:2: 640 daAuts
     D:1: 598 daAuts
     D:3: 569 daAuts
   Orc:1: 439 daAuts
  Temple: 428 daAuts
